 Dungeon Crawl Stone Soup version 0.23.0-38-g208d714 (webtiles) character file.

Game seed: 3230752214676451899

98 MalarOregon the Poker (level 4, -2/35 HPs)
             Began as a Merfolk Skald on Feb 27, 2019.
             Was an Initiate of the Shining One.
             Slain by an iron imp (6 damage)
             ... summoned by Natasha
             ... on level 2 of the Dungeon.
             The game lasted 00:02:25 (1558 turns).

MalarOregon the Poker (Merfolk Skald)               Turns: 1558, Time: 00:02:26

Health: -2/35      AC:  5    Str: 12    XL:     4   Next: 71%
Magic:  7/7        EV: 13    Int: 12    God:    the Shining One [......]
Gold:   55         SH:  0    Dex: 13    Spells: 6/7 levels left

rFire    . . .     SeeInvis .   a - +0 spear
rCold    . . .     Gourm    .   (no shield)
rNeg     . . .     Faith    .   b - +0 leather armour
rPois    .         Spirit   .   (no helmet)
rElec    .         Reflect  .   (no cloak)
rCorr    .         Harm     .   q - +1 pair of gloves
MR       .....                  (no boots)
Stlth    +.........             (no amulet)
HPRegen  0.11/turn              (no ring)
MPRegen  0.10/turn              (no ring)

@: slowed, glowing, very slow
A: change form in water, swift swim, stealthy swim
a: Renounce Religion


You were on level 2 of the Dungeon.
You worshipped the Shining One.
The Shining One was noncommittal.
You were not hungry.

You visited 1 branch of the dungeon, and saw 2 of its levels.

You collected 55 gold pieces.

Inventory:

Hand Weapons
 a - a +0 spear (weapon)
Armour
 b - a +0 leather armour (worn)
 q - a +1 pair of gloves (worn)
   (You found it on level 2 of the Dungeon)
Jewellery
 p - an uncursed amulet of the gourmand {unknown}
   (You found it on level 2 of the Dungeon)
Scrolls
 j - a scroll of amnesia {unknown}
 l - 4 scrolls of identify {unknown}
 m - a scroll of blinking {unknown}
 n - a scroll of remove curse {unknown}
 o - a scroll of magic mapping {unknown}
Potions
 c - a potion of heal wounds {unknown}
 f - a potion of flight {unknown}
 g - a potion of agility
 h - a potion of brilliance {unknown}
 i - 2 potions of curing {unknown}
Comestibles
 e - 4 rations {!d}
 k - a chunk of flesh


   Skills:
 + Level 3.1 Fighting
 + Level 4.3 Polearms
 - Level 0.6 Armour
 + Level 3.9 Dodging
 - Level 2.0 Spellcasting
 + Level 4.0 Charms


You had 6 spell levels left.
You knew the following spells:

 Your Spells              Type           Power        Failure   Level  Hunger
a - Infusion              Chrm           ##..         7%          1    ##.....

Your spell library contained the following spells:

 Spells                   Type           Power        Failure   Level  Hunger
 Song of Slaying          Chrm           ##......     10%         2    ###....
 Shroud of Golubria       Chrm/Tloc      #.........   22%         2    ###....
 Regeneration             Chrm/Necr      #.........   41%         3    ####...
 Spectral Weapon          Hex/Chrm       #.......     41%         3    ####...


Dungeon Overview and Level Annotations

Branches:
Dungeon (2/15)

Altars:
The Shining One

Annotations:
D:2 Natasha


Message History

Natasha mumbles some strange words.
You hit Natasha. The shadow imp closely misses you. Natasha closely misses you.
You barely miss Natasha. The shadow imp hits you. Natasha casts a spell at you.
The magic dart hits you.
* * * LOW HITPOINT WARNING * * *
You hit Natasha. The shadow imp barely misses you.
Natasha wildly gestures.
Natasha's front paws start to glow.
Natasha claws you but does no damage. The iron imp closely misses you.
You hit Natasha.
You kill Natasha!
The Shining One accepts your kill.
Natasha screams in fury as she dies!
The shadow imp disappears in a puff of smoke!
The iron imp disappears in a puff of smoke!
Your Charms skill increases to level 4!
You start resting.
Natasha, Servant of Life and Death comes into view.
Natasha claws you.
* * * LOW HITPOINT WARNING * * *
You barely miss Natasha.
Natasha stares at you and mumbles some strange words.
You feel yourself slow down.
You hit Natasha.
Natasha mumbles some strange words.
Natasha misses you.
You hit Natasha. Natasha barely misses you. The iron imp hits you.
* * * LOW HITPOINT WARNING * * *
You closely miss Natasha.
Natasha stares at you and mumbles some strange words.
You feel as though you will be slow longer.
The iron imp hits you.
* * * LOW HITPOINT WARNING * * *
Unknown command.
You hit Natasha. Natasha misses you. The iron imp completely misses you.
Natasha misses you.
Unknown command.
Unknown command.
You closely miss Natasha. Natasha claws you!
* * * LOW HITPOINT WARNING * * *
The iron imp picks up a beetle and eats it.
The iron imp closely misses you.
Okay, then.
You hit Natasha but do no damage.
Natasha mumbles some strange words.
You feel disoriented.
Natasha drinks a potion.
Natasha suddenly seems more agile.
The iron imp hits you.
You die...

.... #.# # ♣...
##.###### ♣....
#........ ♣...♣
##.####### ♣...♣
#..####### .
♣..♣######.........
...
♣.........########
.....###......#.#
... #...@h..#..#.#
.## ####5.####.#.#
#.## #.#.# #..#
#.#.# #..## #.#.#
#.# #.#.# #. #.# #.


You could see an iron imp and Natasha.

Vanquished Creatures
  Natasha (twice) (D:2)
  An ooze (D:1)
  A worm (D:2)
  3 dart slugs
  A leopard gecko (D:1)
  2 giant cockroaches (D:1)
  8 goblins
  3 hobgoblins
  A ball python (D:2)
  5 bats
  4 frilled lizards (D:1)
  3 kobolds (D:1)
  2 rats (D:1)
36 creatures vanquished.

Notes
Turn   | Place    | Note
-------+----------+-------------------------------------------
     0 | D:1      | MalarOregon the Merfolk Skald began the quest for the Orb.
     0 | D:1      | Reached XP level 1. HP: 16/16 MP: 3/3
    89 | D:1      | Reached XP level 2. HP: 23/23 MP: 5/5
   454 | D:1      | Reached XP level 3. HP: 28/28 MP: 6/6
   910 | D:1      | Found a glowing golden altar of the Shining One.
  1086 | D:1      | Became a worshipper of the Shining One
  1357 | D:2      | Noticed Natasha
  1369 | D:2      | Killed Natasha
  1369 | D:2      | Reached XP level 4. HP: 34/35 MP: 7/7
  1522 | D:2      | Noticed Natasha
  1533 | D:2      | Killed Natasha
  1549 | D:2      | Noticed Natasha
  1558 | D:2      | Slain by an iron imp

Skill      XL: |  1  2  3  4 |
---------------+-------------+-----
Dodging        | 3 |  3.9
Fighting       | 3 |  3.1
Polearms       | 4 |  4.3
Charms         | 4 |  4.0
Armour         | |  0.6
Spellcasting   | |  2.0

Action                   |  1- 3 |  4- 6 || total
-------------------------+-------+-------++-------
Melee: Spear             |   121 |    16 ||   137
       Unarmed           |     3 |       ||     3
 Stab: Sleeping          |     1 |       ||     1
  Eat: Chunk             |     2 |       ||     2
Armor: Leather armour    |    19 |     2 ||    21
Dodge: Dodged            |    64 |    10 ||    74
